 Dungeon Crawl Stone Soup version 0.31-a0-844-gdc52ec4e09 (webtiles) character file.

Game seed: 10360817456785484724

75 Ethylacetat the Changeling (level 4, 0/29 HPs)
             Began as an Octopode Shapeshifter on Sept 30, 2023.
             Slain by an orc
             ... wielding a +0 hand axe
              (6 damage)
             ... on level 3 of the Dungeon.
             The game lasted 00:01:51 (1712 turns).

Ethylacetat the Changeling (Octopode Shapeshifter)  Turns: 1712, Time: 00:01:52

Health: 0/29       AC:  1    Str: 13    XL:     4   Next: 31%
Magic:  4/4        EV: 13    Int: 12    God:
Gold:   146        SH:  0    Dex: 13    Spells: 3/3 levels left

rFire   . .          .
                       - Unarmed
rCold   . . .        (no shield)
rNeg    . . .        (helmet currently unavailable)
rPois   .            (no amulet)
rElec   .            m - ring of see invisible
rCorr   .            (no ring)
SInv    +            (no ring)
Will    .....        (no ring)
Stlth   ++           (no ring)
HPRegen 0.24/turn    (no ring)
MPRegen 0.09/turn    (no ring)
                     (no ring)

%: no passive effects
@: beast-form
A: beast (slay +2), almost no armour, amphibious, 8 rings, camouflage 1,
gelatinous body 1, (nimble swimmer 1), tentacles
a: Begin Untransformation


You were on level 3 of the Dungeon.
You were a hulking beast.
You visited 1 branch of the dungeon, and saw 3 of its levels.

You collected 146 gold pieces.

Inventory:

Jewellery
 m - a ring of see invisible (left tentacle)
Talismans
 b - a beast talisman (active)
 c - a flux talisman
Wands
 j - a wand of polymorph (7)
Scrolls
 d - 3 scrolls of teleportation {unknown}
 f - 2 scrolls of identify {unknown}
 g - a scroll of enchant weapon {unknown}
 h - 2 scrolls of revelation {unknown}
 k - a scroll of fog {unknown}
Potions
 a - a potion of lignification
 e - 3 potions of ambrosia {unknown}
 i - a potion of curing {unknown}
 l - 2 potions of brilliance {unknown}


   Skills:
 + Level 1.9 Fighting
 + Level 2.6 Dodging
 + Level 3.4 Unarmed Combat
 * Level 3.8 Shapeshifting


You had 3 spell levels left.
You didn't know any spells.
Your spell library contained the following spells:

 Spells                   Type           Power      Damage    Failure   Level
 Ensorcelled Hibernation  Hex/Ice        0%         N/A       45%         2
 Jinxbite                 Hex            0%         N/A       45%         2
 Poisonous Vapours        Pois/Air       0%         N/A       45%         2
 Mephitic Cloud           Conj/Pois/Air  0%         N/A       69%         3
 Anguish                  Hex/Necr       0%         N/A       97%         4
 Freezing Cloud           Conj/Ice/Air   0%         6-21      100%        5


Dungeon Overview and Level Annotations

Branches:
Dungeon (3/15)

Altars:
Fedhas


Innate Abilities, Weirdness & Mutations

You are a hulking beast.
Your limbs bulge with bestial killing power. (Slay +2)
You cannot wear most types of armour.
You are amphibious.
You can wear up to eight rings at the same time.
Your skin changes colour to match your surroundings (Stealth+).
Your rubbery body absorbs attacks. (AC +1, EV +1)
((You are camouflaged when in or above water. (Stealth+)))
You have tentacles for arms and can constrict up to eight enemies at once.


Message History

There are monsters nearby! 2 orcs come into view.
The orc shouts!
An orc comes into view. It is wielding a +0 hand axe.
The orc priest calls down the wrath of Beogh upon you.
You barely resist.
The orc shouts!
There are monsters nearby!
Found a dagger.
The orc shouts!
The orc priest invokes the aid of Beogh against you.
Beogh smites you!
You closely miss the orc. Your grab misses the orc.
Your squeeze misses the orc. You tentacle-slap the orc.
Your grab misses the orc.
The orc is moderately wounded.
The orc misses you. The orc closely misses you.
You bludgeon the orc!
You kill the orc!
Okay, then.
You tentacle-slap the orc. Your grab misses the orc. You squeeze the orc.
The orc is severely wounded.
The orc closely misses you. The orc hits you with a +0 club.
You closely miss the orc. Your grab misses the orc.
The orc is severely wounded.
The orc misses you. The orc closely misses you. The orc barely misses you.
You tentacle-slap the orc.
You kill the orc!
The orc barely misses you. The orc misses you.
You closely miss the orc. Your grab misses the orc.
Your squeeze misses the orc. The orc barely misses you.
The orc hits you with a +0 club.
You tentacle-slap the orc. Your grab misses the orc.
The orc is heavily wounded.
The orc barely misses you. The orc hits you with a +0 club.
The orc barely misses you. The orc attacks as it pursues you!
The orc hits you with a +0 hand axe.
* * * LOW HITPOINT WARNING * * *
The orc attacks as it pursues you! The orc hits you with a +0 hand axe.
You die...

## ##..........o......
.##.....###....########
....# #...## .#######
##oo.## .##
........#.o# ..#
#.#########o# #.# ..#
#.# #.##.# #o### #.#..#
#.h.# #(..# ######.#
#..## ###..(...# #..#
####...######
(..####[...###
##......#### ..###...#
#.###..<# #.....#.##


You could see an orc priest and 2 orcs.

Vanquished Creatures
  An adder (D:2)
  2 worms (D:3)
  2 orcs (D:3)
  7 ball pythons
  5 bats (D:2)
  5 endoplasms
  4 hobgoblins
  4 jackals (D:1)
  3 quokkas
  6 frilled lizards
  4 goblins
  6 kobolds
  5 rats (D:2)
54 creatures vanquished.

Notes
Turn   | Place    | Note
-------+----------+-------------------------------------------
     0 | D:1      | Ethylacetat the Octopode Shapeshifter began the quest for
                  | the Orb.
     0 | D:1      | Reached XP level 1. HP: 13/13 MP: 1/1
   110 | D:1      | Reached XP level 2. HP: 18/18 MP: 2/2
   352 | D:1      | Reached XP level 3. HP: 19/23 MP: 3/3
   955 | D:2      | Found a blossoming altar of Fedhas.
  1330 | D:2      | Reached XP level 4. HP: 29/29 MP: 4/4
  1712 | D:3      | Slain by an orc

Illustrated notes

Levels and vault maps discovered:
D:1:      tekkud_arrival_beachfront_property, layout_loops_ring,
          grunt_decor_junction, nrook_campfire
D:2:      layout_loops_ring, basic_altar, kennysheep_donut
D:3:      layout_rooms, nicolae_overflow_squiral,
          hellmonk_ecumenical_altar_leap_of_faith, uniq_sigmund

Action                     |  1- 3 |  4- 6 || total
---------------------------+-------+-------++-------
  Melee: Unarmed           |    65 |    22 ||    87
         Constrict         |    21 |     3 ||    24
         Tentacles         |     9 |     5 ||    14
   Stab: Sleeping          |     6 |     1 ||     7
 Armour: Skin              |    19 |     6 ||    25
  Dodge: Dodged            |    38 |    17 ||    55

Table legend: (Time is in decaauts)
 A = Elapsed time spent in this place.
 B = Non-inter-level travel time spent in this place.
 C = Inter-level travel time spent in this place.
 D = Time resting spent in this place.
 E = Time spent auto-exploring this place.
 F = Levels seen in this place.
 G = Mean time per level.
                   A        B        C        D        E       F      G
               +--------+--------+--------+--------+--------+-----+--------+
         Total |   1705 |   1592 |    113 |      0 |   1301 |   3 |  568.3 |
       Dungeon |   1705 |   1592 |    113 |      0 |   1301 |   3 |  568.3 |
               +--------+--------+--------+--------+--------+-----+--------+

Top non-repeatable levels by time:
     D:1: 766 daAuts
     D:2: 704 daAuts
     D:3: 233 daAuts
